 Dungeon Crawl Stone Soup version 0.27-a0-998-g4cfe56dd59 (webtiles) character file.

Game seed: 9609969939885143454

109 senseless the Slasher (level 4, -5/40 HPs)
             Began as a Draconian Berserker on Apr 16, 2021.
             Was a Believer of Trog.
             Slain by Robin
             ... wielding a +2 spear of distortion
              (9 damage)
             ... on level 2 of the Dungeon.
             The game lasted 00:03:54 (1460 turns).

senseless the Slasher (Draconian Berserker)         Turns: 1460, Time: 00:03:54

Health: -5/40      AC:  5    Str: 20    XL:     4   Next: 59%
Magic:  4/4        EV: 12    Int:  7    God:    Trog [**....]
Gold:   48         SH:  0    Dex: 11    Spells: 3/3 levels left

rFire    . . .     SeeInvis .   a - +0 falchion
rCold    . . .     Faith    .   (no shield)
rNeg     . . .     Spirit   .   (armour unavailable)
rPois    .         Reflect  .   (helmet restricted)
rElec    .         Harm     .   (no cloak)
rCorr    .         Rampage  .   (no gloves)
Will     .....                  (no boots)
Stlth    +.........             (no amulet)
HPRegen  0.13/turn              (no ring)
MPRegen  0.09/turn              (no ring)

@: on berserk cooldown, slowed, very slow
A: AC +5, unfitting armour, cold-blooded
a: Renounce Religion, Berserk, Trog's Hand


You were on level 2 of the Dungeon.
You worshipped Trog.
Trog was pleased with you.
You visited 1 branch of the dungeon, and saw 2 of its levels.

You collected 48 gold pieces.

Inventory:

Hand Weapons
 a - a +0 falchion (weapon)
Armour
 e - a +0 pair of gloves
Scrolls
 b - a scroll of holy word {unknown}
 c - 2 scrolls of magic mapping
 d - a scroll of enchant armour
Potions
 f - a potion of flight {unknown}
 g - a potion of ambrosia


   Skills:
 + Level 4.1 Fighting
 + Level 4.4 Long Blades
 + Level 3.3 Dodging


You had 3 spell levels left.
You didn't know any spells.
Your spell library was empty.

Dungeon Overview and Level Annotations

Branches:
Dungeon (2/15)

Altars:

Annotations:
D:2 Robin


Innate Abilities, Weirdness & Mutations

Your plain brown scales are hard. (AC +5)
You cannot fit into any form of body armour.
You are cold-blooded and may be slowed by cold attacks.


Message History

You feel your anger nearly subside.
You are no longer berserk.
You are exhausted.
You feel yourself slow down.
The goblin throws a stone.
The stone hits you.
An endoplasm comes into view.
Robin roars a battlecry!
The goblins go into a battle-frenzy!
The goblin throws a stone.
The stone barely misses you. The goblin hits you but does no damage.
The goblin misses you.
The endoplasm quivers.
The goblin barely misses you. The endoplasm freezes you.
You are frozen.
You feel as though you will be slow longer.
The goblin barely misses you.
You riposte.
You hit the goblin but do no damage. The endoplasm closely misses you.
You riposte.
You hit the endoplasm.
The endoplasm is almost dead.
Robin throws the goblin at you! The goblin hits you but does no damage.
The endoplasm hits you but does no damage.
The goblin no longer looks unusually strong.
The hobgoblin hits you but does no damage.
The goblin hits you but does no damage.
The hobgoblin no longer looks unusually strong.
The goblin no longer looks unusually strong.
The goblin hits you but does no damage.
The hobgoblin no longer looks unusually strong.
The hobgoblin hits you but does no damage.
The hobgoblin hits you.
* * * LOW HITPOINT WARNING * * *
The hobgoblin hits you.
* * * LOW HITPOINT WARNING * * *
Robin says, "My goblins will feast on your bones."
The hobgoblin hits you but does no damage.
The hobgoblin misses you. The goblin hits you but does no damage.
The hobgoblin barely misses you.
Robin hits you from afar with a +2 spear of distortion.
* * * LOW HITPOINT WARNING * * *
Space warps horribly around you!
You die...

#.....##
##รท.###...........#.##.#
#.#...### #.).##...........#....#
........####..##...(.......###..#
..............#..##.#.....## #...
.........##.........#....## #.##
....^..............##.##.## #...
..............gJgg....##.g# ####.
..............g.g##...###.###.g..
...............g@.#...# #.....##.
................#.........g#####.
.#... .##......[#....#.#...# #.
#.... ..........##.#...... #.
....... .. ....#.... .. .......
##..######.. ... #...... . ......
#..##.# ...


You could see Robin, an endoplasm, 2 hobgoblins and 3 goblins.

Vanquished Creatures
  Terence (D:2)
  Jessica (D:2)
  An adder (D:2)
  2 worms (D:2)
  A ball python (D:2)
  2 endoplasms
  A giant cockroach (D:2)
  11 goblins
  5 hobgoblins
  2 quokkas
  5 bats
  4 frilled lizards (D:1)
  A kobold (D:2)
  3 rats (D:1)
40 creatures vanquished.

Notes
Turn   | Place    | Note
-------+----------+-------------------------------------------
     0 | D:1      | senseless the Draconian Berserker began the quest for the
                  | Orb.
     0 | D:1      | Reached XP level 1. HP: 19/19 MP: 1/1
   297 | D:1      | Reached XP level 2. HP: 23/26 MP: 2/2
   416 | D:1      | Found a faded altar of an unknown god.
  1093 | D:2      | Reached XP level 3. HP: 33/33 MP: 3/3
  1113 | D:2      | Reached ** piety under Trog
  1298 | D:2      | Noticed Jessica
  1306 | D:2      | Killed Jessica
  1307 | D:2      | Reached XP level 4. HP: 40/40 MP: 4/4
  1381 | D:2      | Noticed Terence
  1391 | D:2      | Killed Terence
  1413 | D:2      | Noticed Robin
  1460 | D:2      | Slain by Robin

Illustrated notes

Levels and vault maps discovered:
D:1:      lemuel_arrival_hallway, layout_rooms, ebering_ecumenical_altar_hall,
          minmay_misc_feat_x
D:2:      layout_rooms, uniq_robin, uniq_terence, uniq_jessica

Skill      XL: |  1  2  3  4 |
---------------+-------------+-----
Dodging        | 3 |  3.3
Fighting       | 4 |  4.1
Long Blades    | 4 |  4.4

Action                   |  1- 3 |  4- 6 || total
-------------------------+-------+-------++-------
Melee: Falchion          |    88 |    22 ||   110
       Tailslap          |    13 |       ||    13
Invok: Berserk           |     1 |     2 ||     3
  Use: Scroll            |     4 |       ||     4
       Potion            |       |     1 ||     1
Armor: Skin              |    25 |    23 ||    48
Dodge: Dodged            |    50 |    34 ||    84
       Rpst.: Falchion   |    16 |     6 ||    22

Table legend: (Time is in decaauts)
 A = Elapsed time spent in this place.
 B = Non-inter-level travel time spent in this place.
 C = Inter-level travel time spent in this place.
 D = Time resting spent in this place.
 E = Time spent auto-exploring this place.
 F = Levels seen in this place.
 G = Mean time per level.
                   A        B        C        D        E       F      G
               +--------+--------+--------+--------+--------+-----+--------+
         Total |   1502 |   1453 |     49 |    365 |    792 |   2 |  751.0 |
       Dungeon |   1502 |   1453 |     49 |    365 |    792 |   2 |  751.0 |
               +--------+--------+--------+--------+--------+-----+--------+

Top non-repeatable levels by time:
     D:1: 867 daAuts
     D:2: 634 daAuts
